 Dungeon Crawl Stone Soup version 0.24.0-123-gd5b16e6ec5 (webtiles) character file.

Game seed: 6286041409183189803, levelgen mode: deterministic

8747 Amplified the Slinger (level 11, -6/97 HPs)
             Began as a Centaur Skald on Dec 26, 2019.
             Was an Elder of Trog.
             Mangled by a manticore (21 damage)
             ... on level 10 of the Dungeon.
             The game lasted 00:17:48 (10503 turns).

Amplified the Slinger (Centaur Skald)              Turns: 10503, Time: 00:17:49

Health: -6/97      AC:  7    Str: 14    XL:     11   Next: 14%
Magic:  31/31      EV: 10    Int: 12    God:    Trog [****..]
Gold:   478        SH:  0    Dex: 17    Spells: 10/13 levels left

rFire    . . .     SeeInvis .   k - +2 halberd
rCold    . . .     Gourm    .   (shield currently unavailable)
rNeg     . . .     Faith    .   C - +0 leather armour "Onifad" {*Contam rPois MP+9 Dex+5} (curse)
rPois    +         Spirit   .   a - +2 helmet
rElec    .         Reflect  .   (no cloak)
rCorr    .         Harm     .   (no gloves)
MR       .....                  (no barding)
Stlth    +.........             (no amulet)
HPRegen  0.26/turn              i - ring of magical power
MPRegen  0.22/turn              (no ring)

@: very quick
A: large, hooves 3, deformed body, speed 2, tough skin 3
a: Berserk, Trog's Hand, Brothers in Arms, Renounce Religion


You were on level 10 of the Dungeon.
You worshipped Trog.
Trog was greatly pleased with you.
You were very hungry.

You visited 1 branch of the dungeon, and saw 10 of its levels.

You collected 478 gold pieces.

Inventory:

Hand Weapons
 k - a +2 halberd (weapon)
 o - a +0 trident
 t - the +11 hunting sling of Ixuutarots {velocity, MR++ Str-2 Int+7}
   (You found it on level 5 of the Dungeon)

   Any stone fired from it inflicts extra damage.
   It affects your strength (-2).
   It affects your intelligence (+7).
   It affects your resistance to hostile enchantments.
Missiles
 c - 161 arrows
 e - 72 poisoned darts (quivered)
 u - 127 sling bullets
 v - 356 stones
 D - 2 throwing nets
Armour
 a - a +2 helmet (worn)
 C - the cursed +0 leather armour "Onifad" (worn) {*Contam rPois MP+9 Dex+5}
   (You found it on level 7 of the Dungeon)

   It affects your dexterity (+5).
   It protects you from poison.
   It affects your magic capacity (+9).
   It causes magical contamination when unequipped.
   It has a curse placed upon it.
Jewellery
 i - a ring of magical power (left hand)
Wands
 l - a wand of digging (6)
 r - a wand of disintegration (15)
 s - a wand of iceblast (24)
 I - a wand of polymorph (14)
 K - a wand of paralysis (10)
Scrolls
 b - a scroll of silence
 h - 4 scrolls of remove curse
 q - 3 scrolls of enchant armour
 w - 3 scrolls of enchant weapon
 x - 2 scrolls of random uselessness
 y - 2 scrolls of teleportation
 z - a scroll of blinking {unknown}
 E - a scroll of immolation {unknown}
 F - a scroll of magic mapping {unknown}
 H - 3 scrolls of identify
Potions
 f - a potion of cancellation
 g - 2 potions of curing
 m - 2 potions of might
 n - 3 potions of lignification
 p - a potion of flight
 A - 2 potions of magic
 G - a potion of haste
Miscellaneous
 B - a phial of floods (inert)
Comestibles
 d - 15 rations


   Skills:
 - Level 9.1 Fighting
 - Level 5.1 Polearms
 * Level 14.0 Slings
 - Level 0.8 Armour
 - Level 1.5 Dodging
 - Level 1.5 Spellcasting
 - Level 2.6 Charms
 - Level 3.0 Evocations


You had 10 spell levels left.
You knew the following spells:

 Your Spells              Type           Power        Failure   Level  Hunger
a - Infusion              Chrm           #...         12%         1    ##.....
b - Song of Slaying       Chrm           #.......     19%         2    ###....

Your spell library contained the following spells:

 Spells                   Type           Power        Failure   Level  Hunger
 Shroud of Golubria       Chrm/Tloc      #.....       30%         2    ###....
 Summon Small Mammal      Summ           #...         34%         1    ##.....
 Ozocubu's Armour         Chrm/Ice       #.......     52%         3    ####...
 Regeneration             Chrm/Necr      #.........   52%         3    ####...
 Spectral Weapon          Hex/Chrm       #.......     52%         3    ####...
 Call Canine Familiar     Summ           #.......     71%         3    ####...
 Stone Arrow              Conj/Erth      #.....       71%         3    ####...
 Summon Demon             Summ           #.........   100%        5    ######.
 Summon Mana Viper        Hex/Summ       #.......     100%        5    ######.
 Bolt of Fire             Conj/Fire      #.........   100%        6    #######
 Ozocubu's Refrigeration  Ice            #.........   100%        6    #######


Dungeon Overview and Level Annotations

Branches:
Dungeon (10/15)            Temple (0/1) D:5
   Lair: D:8-11         Orc: D:9-12

Altars:
Cheibriados
Dithmenos
Elyvilon
Gozag
Hepliaklqana
Nemelex Xobeh
Ru
Sif Muna
Trog
Wu Jian
Xom
Yredelemnul
The Shining One

Shops:
D:4 %   D:9 *:


Innate Abilities, Weirdness & Mutations

You have hooves in place of feet.
Armour fits poorly on your strangely shaped body.
You cover ground very quickly.
You have extremely tough skin. (AC +3)


Message History

The manticore easily resists.
The manticore bites you!! The manticore claws you. The manticore claws you!
* * * LOW HITPOINT WARNING * * *
Unknown command.
Evoke which item? (* to show all) (? for menu, Esc to quit)
Aiming: Paralyse
Press: ? - help, Shift-Dir - straight line, f/p - manticore
Aim: a manticore (heavily wounded, chance to defeat MR: 37%)
The manticore easily resists.
The manticore bites you.
* * * LOW HITPOINT WARNING * * *
The manticore barely misses you. The manticore completely misses you.
Unknown command.
You feel better. The manticore barely misses you. The manticore claws you.
* * * LOW HITPOINT WARNING * * *
The manticore misses you.
Unknown command.
Okay, then.
k - a +2 halberd (weapon)
The manticore bites you!!
You die...

####.####
####.####
#.......#
#.......#
#.##.##.#
#.##.##.# #
#.##.####.#...#.#
#...............#
####.####.#.....#
#.#
#.##....########
#.#
#.##............
..#
#...@H..########
### ####.#.##
#.### #.# #.#
######.# #......#
#....(.......
........(######


You could see a manticore.

Vanquished Creatures
  Harold (D:8)
  An unseen horror (D:8)
  Pikel (D:9)
  An orc knight (D:7)
  An ugly thing (D:7)
  2 trolls
  A queen bee (D:9)
  A hornet (D:7)
  3 hippogriffs
  Sigmund (D:6)
  A wyvern (D:7)
  A hungry ghost (D:7)
  A black bear (D:7)
  A hornet zombie (D:9)
  An ice beast (D:7)
  3 orc warriors (D:7)
  A phantom (D:7)
  A necrophage (D:7)
  A sky beast (D:9)
  6 ogres
  5 centaurs
  2 big kobolds (D:7)
  4 bullfrogs
  A wyvern skeleton (D:9)
  3 scorpions
  A water moccasin skeleton (D:8)
  13 killer bees
  3 wights (D:4)
  2 howler monkeys (D:4)
  A centaur zombie (D:8)
  2 bullfrog zombies
  4 crimson imps
  5 hounds
  2 jellies
  6 orc priests
  A bullfrog skeleton (D:7)
  2 iguanas
  5 worker ants
  3 orc wizards
  A hound zombie (D:8)
  2 hound skeletons
  3 worker ant zombies
  Robin (D:3)
  8 gnolls
  13 adders
  An ooze (D:2)
  2 adder zombies (D:9)
  2 worms
  5 dart slugs
  4 leopard geckos
  29 orcs
  4 ball pythons
  8 bats
  11 giant cockroaches
  19 goblins
  13 hobgoblins
  14 jackals
  4 quokkas
  9 frilled lizards
  2 gnoll zombies (D:6)
  A jackal skeleton (D:7)
  13 kobolds
  2 leopard gecko skeletons
  A quokka skeleton (D:4)
  A quokka zombie (D:9)
  6 rats
274 creatures vanquished.

Vanquished Creatures (others)
  A killer bee (D:9)
  A hound (D:9)
2 creatures vanquished.

Grand Total: 276 creatures vanquished

Notes
Turn   | Place    | Note
-------+----------+-------------------------------------------
     0 | D:1      | Amplified the Centaur Skald began the quest for the Orb.
     0 | D:1      | Reached XP level 1. HP: 17/17 MP: 3/3
     2 | D:1      | Noticed a human
     4 | D:1      | Noticed a draconian
     4 | D:1      | Noticed a gargoyle
     6 | D:1      | Noticed a centaur
     6 | D:1      | Noticed a naga
     8 | D:1      | Noticed a vampire
     8 | D:1      | Noticed an elf
    10 | D:1      | Noticed a vine stalker
    10 | D:1      | Noticed a halfling
    12 | D:1      | Noticed a demigod
    14 | D:1      | Noticed a tengu
    14 | D:1      | Noticed a dwarf
    16 | D:1      | Noticed a minotaur
    18 | D:1      | Noticed an octopode
    18 | D:1      | Noticed a formicid
    20 | D:1      | Noticed a spriggan
    20 | D:1      | Noticed a merfolk
    22 | D:1      | Noticed a troll
    22 | D:1      | Noticed a ghoul
    24 | D:1      | Noticed a demonspawn
    24 | D:1      | Noticed an ogre
    26 | D:1      | Noticed a felid
   103 | D:1      | Reached XP level 2. HP: 21/24 MP: 4/4
   777 | D:1      | Learned a level 2 spell: Song of Slaying
   938 | D:2      | Reached XP level 3. HP: 25/30 MP: 5/5
  1598 | D:2      | Reached XP level 4. HP: 34/38 MP: 6/6
  1712 | D:2      | Found a shadowy altar of Dithmenos.
  1713 | D:2      | Found a bloodstained altar of Trog.
  1717 | D:2      | Became a worshipper of Trog the Wrathful
  1754 | D:2      | Found a bloodstained altar of Trog.
  2042 | D:2      | Reached XP level 5. HP: 25/46 MP: 7/7
  2251 | D:3      | Reached * piety under Trog
  2368 | D:3      | Found an ornate altar of the Wu Jian Council.
  2566 | D:3      | Noticed Robin
  2613 | D:3      | Killed Robin
  2694 | D:3      | Reached ** piety under Trog
  3140 | D:3      | Reached skill level 1 in Evocations
  3140 | D:3      | Reached XP level 6. HP: 48/53 MP: 8/8
  3909 | D:4      | Found a sacrificial altar of Ru.
  3927 | D:4      | Reached skill level 5 in Fighting
  3933 | D:4      | Reached XP level 7. HP: 55/61 MP: 9/9
  4287 | D:4      | Found Lohoaz's Food Boutique.
  4446 | D:4      | Reached skill level 5 in Polearms
  4913 | D:5      | Entered Level 5 of the Dungeon
  4970 | D:5      | Found a white marble altar of Elyvilon.
  4984 | D:5      | Got a crude hunting sling
  4985 | D:5      | Identified the +11 hunting sling of Ixuutarots {velocity,
                  | MR++ Str-2 Int+7} (You found it on level 5 of the Dungeon)
  5553 | D:5      | Reached skill level 1 in Slings
  5643 | D:5      | Found a snail-covered altar of Cheibriados.
  5760 | D:5      | Found a staircase to the Ecumenical Temple.
  5817 | D:5      | Found a shimmering blue altar of Sif Muna.
  6248 | D:6      | Reached skill level 2 in Slings
  6270 | D:6      | Reached XP level 8. HP: 58/70 MP: 10/10
  6340 | D:6      | Reached *** piety under Trog
  6340 | D:6      | Reached skill level 3 in Slings
  6376 | D:6      | Noticed Sigmund
  6434 | D:6      | Killed Sigmund
  6513 | D:6      | Found a hazy altar of Hepliaklqana.
  6514 | D:6      | Found a shimmering altar of Xom.
  6515 | D:6      | Noticed a spectral ugly thing
  6549 | D:6      | Found a basalt altar of Yredelemnul.
  6770 | D:7      | Reached skill level 4 in Slings
  6848 | D:7      | Reached skill level 5 in Slings
  6884 | D:7      | Noticed a cyan ugly thing
  6890 | D:7      | Killed a cyan ugly thing
  6890 | D:7      | Reached skill level 6 in Slings
  6890 | D:7      | Reached XP level 9. HP: 65/81 MP: 11/11
  6925 | D:7      | Found a sparkling altar of Nemelex Xobeh.
  6960 | D:7      | Reached skill level 7 in Slings
  7223 | D:7      | Reached skill level 8 in Slings
  7310 | D:7      | Reached **** piety under Trog
  7317 | D:7      | Reached skill level 9 in Slings
  7332 | D:7      | Identified Tufuzeid's Guide on Glacial Battle Magic
  7553 | D:7      | Identified the Volume of Flames and Companions
  7647 | D:7      | Noticed an orc knight
  7677 | D:7      | Killed an orc knight
  7677 | D:7      | Reached skill level 10 in Slings
  7677 | D:7      | Reached XP level 10. HP: 64/91 MP: 12/12
  7967 | D:7      | Reached skill level 11 in Slings
  8051 | D:7      | Got a pitted leather armour
  8063 | D:7      | Identified the cursed +0 leather armour "Onifad" {*Contam
                  | rPois MP+9 Dex+5} (You found it on level 7 of the Dungeon)
  8229 | D:8      | Received a gift from Trog
  8372 | D:8      | Killed an unseen horror
  8388 | D:8      | Reached skill level 12 in Slings
  8535 | D:8      | Noticed Harold
  8556 | D:8      | Killed Harold
  8984 | D:9      | Reached skill level 13 in Slings
  9012 | D:9      | Received a gift from Trog
  9244 | D:9      | Noticed Pikel
  9254 | D:9      | Killed Pikel
  9254 | D:9      | Reached XP level 11. HP: 97/97 MP: 13/13
  9256 | D:9      | Found Potiobbe's Book Boutique.
  9362 | D:9      | Found Xiotuadgh's Elemental Accessories.
  9498 | D:9      | Found an opulent altar of Gozag.
  9692 | D:9      | Found a glowing golden altar of the Shining One.
 10001 | D:10     | Entered Level 10 of the Dungeon
 10057 | D:10     | Reached skill level 14 in Slings
 10503 | D:10     | Mangled by a manticore

Levels and vault maps discovered:
D:1:      kb_arrival_jail, layout_basic, chequers_serial_rivers_micro_a
D:2:      layout_rooms, gammafunk_temple_overflow_statue, minivault_19,
          trog_hazing_becter
D:3:      minmay_roachtagon, layout_basic, marbit_many_paths,
          serial_corexii_hall, corexii_hall_statues_i, chequers_hall_statues_y,
          kennysheep_generic_room_8, uniq_robin
D:4:      layout_basic, nicolae_ru_the_path_less_chosen, first_ration,
          kennysheep_windowed_goal
D:5:      layout_basic, kennysheep_little_box, overflow_temple_1_default,
          elyvilon_altar_4, lemuel_temple_firewalk_a
D:6:      layout_cave_pools, regret_index_temple_of_mockery,
          lemuel_zombie_altar_yredelemnul, uniq_sigmund
D:7:      minmay_the_grid_plus_closed [minmay_the_grid_spikes,
          minmay_the_grid_armoury, minmay_the_grid_medium_cups,
          minmay_the_grid_doors, minmay_the_grid_prize_four_corners_diamond_a],
          layout_rooms, nemelex_xobeh_ov_fountains_minmay
D:8:      minmay_bloctagon_deflated, layout_basic, roderic_roman_lattice,
          uniq_harold
D:9:      layout_basic, lemuel_coloured_pillars_altar, kennysheep_mini,
          serial_shops, shop, david_nohive_1, minivault_19,
          nicolae_elemental_shop, uniq_pikel
D:10:     layout_loops_corners, basic_altar

Skill      XL: |  1  2  3  4  5  6  7  8  9 10 11 |
---------------+----------------------------------+-----
Polearms       | 2 3 4 5 |  5.1
Fighting       | 3 4 5 6 8 9 |  9.1
Evocations     | 1 2 3 |  3.0
Slings         | 2 6 10 13 14 | 14.0
Armour         | |  0.8
Dodging        | |  1.5
Spellcasting   | |  1.5
Charms         | |  2.6

Action                   |  1- 3 |  4- 6 |  7- 9 | 10-12 || total
-------------------------+-------+-------+-------+-------++-------
Melee: Spear             |   140 |   115 |       |       ||   255
       Kick              |    14 |    30 |    12 |       ||    56
       Halberd           |       |   190 |    43 |       ||   233
 Fire: Hunting sling     |       |       |   190 |   242 ||   432
Throw: Dart              |    10 |    18 |       |       ||    28
 Cast: Infusion          |     3 |       |       |       ||     3
       Song of Slaying   |     1 |       |       |       ||     1
Invok: Berserk           |       |     2 |     2 |       ||     4
       Trog's Hand       |       |     1 |     1 |     3 ||     5
Evoke: Wand              |       |       |     6 |     4 ||    10
       Phial of floods   |       |       |     1 |       ||     1
  Use: Potion            |     2 |     3 |     1 |     2 ||     8
       Scroll            |     1 |     9 |     4 |     6 ||    20
  Eat: Chunk             |     2 |     6 |     8 |     6 ||    22
       Ration            |       |     1 |     1 |       ||     2
Armor: Leather armour    |    47 |    92 |    29 |    16 ||   184
       Skin              |       |    30 |       |       ||    30
Dodge: Dodged            |    65 |   114 |    39 |    27 ||   245
